 Dungeon Crawl Stone Soup version 0.23-a0-319-gb40ba49 (webtiles) character file.

478 Amnesiac the Digger (level 6, -1/49 HPs)
             Began as a Deep Dwarf Earth Elementalist on Oct 14, 2018.
             Was a Believer of Ru.
             Slain by an orc priest
             ... wielding a +0 flail
              (6 damage)
             ... on level 3 of the Dungeon.
             The game lasted 00:13:12 (3235 turns).

Amnesiac the Digger (Deep Dwarf Earth Elementalist) Turns: 3235, Time: 00:13:13

Health: -1/49      AC:  4    Str: 11 (12) XL:     6   Next: 85%
Magic:  6/11       EV: 11    Int: 13      God:    Ru [**....]
Gold:   220        SH:  0    Dex: 10 (13) Spells: 1/12 levels left

rFire    . . .     SeeInvis .   b - +0 hunting sling
rCold    . . .     Gourm    .   (no shield)
rNeg     . . .     Faith    .   r - +0 leather armour
rPois    .         Spirit   .   (helmet restricted)
rElec    .         Reflect  .   q - +0 cloak
rCorr    +         Harm     .   (no gloves)
MR       +....                  (no boots)
Stlth    ++........             (no amulet)
HPRegen  0.00/turn              t - ring of protection from magic
MPRegen  0.12/turn              n - ring of resist corrosion

@: very slightly contaminated, non-regenerating
A: damage resistance, heal wounds, antennae 1, dopey 2, sense surroundings 1,
inability to use devices, no regeneration
a: Heal Wounds, Renounce Religion


You were on level 3 of the Dungeon.
You worshipped Ru.
Ru was pleased with you.
You were not hungry.

You visited 1 branch of the dungeon, and saw 4 of its levels.

You collected 220 gold pieces.

Inventory:

Hand Weapons
 a - a +0 dagger
 b - a +0 hunting sling (weapon)
Missiles
 m - 105 stones (quivered)
Armour
 g - a +0 ring mail
 q - a +0 cloak (worn)
 r - a +0 leather armour (worn)
Jewellery
 n - a ring of resist corrosion (right hand)
 t - a ring of protection from magic (left hand)
Scrolls
 e - 3 scrolls of teleportation {!r}
 f - a scroll of identify {!r}
 l - 2 scrolls of fog {!r}
Potions
 i - a potion of invisibility {!q}
Comestibles
 c - 6 chunks of flesh
 d - 8 rations


   Skills:
 - Level 2.7 Short Blades
 - Level 2.1 Dodging
 - Level 2.4 Stealth
 + Level 3.5 Spellcasting
 - Level 0.8 Transmutations
 * Level 7.9 Earth Magic


You had one spell level left.
You knew the following spells:

 Your Spells              Type           Power        Failure   Level  Hunger
a - Sandblast             Erth           ###...       1%          1    #......
b - Passwall              Tmut/Erth      ##......     7%          2    ##.....
c - Stone Arrow           Conj/Erth      ##....       17%         3    ###....
d - Lee's Rapid Deconstr  Erth           ###.......   30%         5    ######.

Your spell library contained the following spells:

 Spells                   Type           Power        Failure   Level  Hunger
 Petrify                  Tmut/Erth      ##......     43%         4    #####..


Dungeon Overview and Level Annotations

Branches:
Dungeon (4/15)
 Temple: D:4-7

Altars:
Dithmenos
Gozag
Hepliaklqana
Kikubaaqudgha
Makhleb
Nemelex Xobeh
Ru
Sif Muna
Vehumet


Innate Abilities, Weirdness & Mutations

You are resistant to damage.
You can heal yourself by infusing magical energy.
You passively map a small area around you.
You cannot study or use magical devices.
You do not regenerate.
You have a pair of small antennae on your head.
You are very dopey. (Int -4)


Message History

You open the door.
Found 44 gold pieces.
Found 8 gold pieces.
There is an open door here.
You now have 183 gold pieces (gained 15).
You now have 201 gold pieces (gained 18).
You now have 209 gold pieces (gained 8).
You now have 220 gold pieces (gained 11).
There is an open door here.
There is an open door here.
Things that are here:
a club x2
There is an open door here.
Items here: ))) ÷÷÷ There isn't anything to butcher here.
Okay, then.
You start resting.
Magic restored.
There is an open door here.
You see here a dagger.
The orc is too close now for your liking.
There are monsters nearby!
There are monsters nearby!
The orc closely misses you.
Casting: Sandblast (safe; 1% risk of failure)
Confirm with . or Enter, or press ? or * to list all spells.
Aiming: Sandblast (safe; 1% risk of failure)
Press: ? - help, Shift-Dir - straight line, f - orc
Aim: an orc, wielding a war axe and wearing a leather armour The blast of sand misses the orc.
m - 107 stones The orc hits you with a war axe.
* * * LOW HITPOINT WARNING * * *
Casting: Sandblast (safe; 1% risk of failure)
Confirm with . or Enter, or press ? or * to list all spells.
Aiming: Sandblast (safe; 1% risk of failure)
Press: ? - help, Shift-Dir - straight line, f/p - orc
Aim: an orc, wielding a war axe and wearing a leather armour The blast of sand hits the orc.
The orc is lightly wounded.
m - 106 stones The orc misses you.
Casting: Sandblast (safe; 1% risk of failure)
Confirm with . or Enter, or press ? or * to list all spells.
Aiming: Sandblast (safe; 1% risk of failure)
Press: ? - help, Shift-Dir - straight line, f/p - orc
Aim: an orc, wielding a war axe and wearing a leather armour (lightly wounded)
The blast of sand hits the orc.
The orc is severely wounded.
m - 105 stones The orc priest hits you with a flail.
* * * LOW HITPOINT WARNING * * *
The orc hits you with a war axe.
* * * LOW HITPOINT WARNING * * *
Unknown command.
Casting: Sandblast (safe; 1% risk of failure)
Confirm with . or Enter, or press ? or * to list all spells.
Aiming: Sandblast (safe; 1% risk of failure)
Press: ? - help, Shift-Dir - straight line, f/p - orc
Aim: an orc, wielding a war axe and wearing a leather armour (severely wounded)
You miscast Sandblast.
You are very lightly contaminated with residual magic.
Nothing appears to happen.
The orc priest hits you with a flail!
You die...

, , ,...#...÷..... , , .
,,####.#.........
#.....##......########
..##...............# , ..#.....
##........## , ##.....#
#..###.....#####
#...<..###.##.##.......#. ,
......#.o.#...#...###.#.
#..#...##..o@####'####..##.#. *
....#.##...##.#...#.##......
*#..........#..)...)..#..#...
####.#(#.....)##.#...#.##..####
...............####)####.......
.........##.....#...#.........
#...........)...##.##.........
#............#'#....######
#.>...<..............##...


You could see an orc priest and an orc.

Vanquished Creatures
  Sigmund (D:3)
  An ogre (D:4)
  2 crimson imps (D:4)
  A worker ant (D:4)
  5 adders
  An ooze (D:2)
  An adder zombie (D:4)
  3 worms
  2 dart slugs
  3 leopard geckos
  5 orcs
  3 giant cockroaches
  13 goblins
  8 hobgoblins
  3 jackals (D:2)
  2 quokkas (D:2)
  3 ball pythons
  3 bats (D:1)
  A frilled lizard (D:2)
  5 kobolds
  7 rats
73 creatures vanquished.

Notes
Turn   | Place    | Note
-------+----------+-------------------------------------------
     0 | D:1      | Amnesiac the Deep Dwarf Earth Elementalist began the quest
                  | for the Orb.
     0 | D:1      | Reached XP level 1. HP: 15/15 MP: 3/3
   349 | D:1      | Reached XP level 2. HP: 19/22 MP: 3/5
   461 | D:1      | Learned a level 2 spell: Passwall
   676 | D:2      | Reached skill level 5 in Earth Magic
   720 | D:2      | Reached XP level 3. HP: 14/28 MP: 0/6
   799 | D:3      | Learned a level 3 spell: Stone Arrow
  1153 | D:4      | Found a burning altar of Makhleb.
  1156 | D:4      | Found a sacrificial altar of Ru.
  1160 | D:4      | Became a worshipper of Ru the Awakened
  1178 | D:4      | Found a hazy altar of Hepliaklqana.
  1181 | D:4      | Found a radiant altar of Vehumet.
  1241 | D:3      | Reached skill level 1 in Short Blades
  1241 | D:3      | Reached XP level 4. HP: 29/36 MP: 4/7
  1258 | D:4      | Noticed an ogre
  1262 | D:4      | Killed an ogre
  1262 | D:4      | Reached skill level 6 in Earth Magic
  1262 | D:4      | Reached XP level 5. HP: 34/42 MP: 4/9
  1599 | D:4      | Found an ancient bone altar of Kikubaaqudgha.
  1606 | D:4      | Found a glowing drain.
  1632 | D:4      | Reached skill level 7 in Earth Magic
  1746 | D:4      | Reached XP level 6. HP: 28/49 MP: 0/10
  1758 | D:4      | Learned a level 5 spell: Lee's Rapid Deconstruction
  1899 | D:2      | Gained mutation: You are dopey. (Int -2) [potion of
                  | mutation]
  1899 | D:2      | Gained mutation: You are very dopey. (Int -4) [potion of
                  | mutation]
  1899 | D:2      | Gained mutation: You have a pair of small antennae on your
                  | head. [potion of mutation]
  2367 | D:1      | Gained mutation: You cannot study or use magical devices.
                  | [Ru sacrifice]
  2367 | D:1      | Reached * piety under Ru
  2367 | D:1      | Reached ** piety under Ru
  2533 | D:2      | Found a shadowy altar of Dithmenos.
  2775 | D:2      | Found a deep blue altar of Sif Muna.
  2775 | D:2      | Found a sparkling altar of Nemelex Xobeh.
  2853 | D:2      | You fall through a shaft for 2 floors!
  3068 | D:3      | Found an opulent altar of Gozag.
  3068 | D:3      | Noticed Sigmund
  3073 | D:3      | Killed Sigmund
  3235 | D:3      | Slain by an orc priest

Vault maps used:
D:1:      dpeg_arrival_ternary
D:2:      gammafunk_temple_overflow_wave,
          nicolae_dithmenos_through_a_glass_darkly, minmay_item_behind_shaft
D:3:      cheibrodos_greedy_goblins, lemuel_coloured_pillars_altar,
          first_ration, gammafunk_ghost_grave, serial_park_tiny_pond,
          roderic_batcave, hex_tiny, uniq_sigmund
D:4:      overflow_temple_1_default, grunt_temple_overflow_cloverleaf,
          kennysheep_mini_moat, temple_doors_ab, portal_sewer_entry_a,
          minmay_misc_feat_four_crosses

Skill      XL: |  1  2  3  4  5 |
---------------+----------------+-----
Spellcasting   | 2 3 |  3.5
Earth Magic    | 5 6 7 |  7.9
Short Blades   | 1 2 |  2.7
Dodging        | |  2.1
Stealth        | |  2.4
Transmutations | |  0.8

Action                   |  1- 3 |  4- 6 || total
-------------------------+-------+-------++-------
Melee: Dagger            |    23 |    56 ||    79
 Fire: Hunting sling     |       |    82 ||    82
 Cast: Sandblast         |    42 |    38 ||    80
       Passwall          |     5 |     7 ||    12
       Stone Arrow       |       |     8 ||     8
Invok: Sacrifice Artific |       |     1 ||     1
  Use: Scroll            |     4 |     9 ||    13
       Potion            |     2 |     6 ||     8
 Stab: Sleeping          |     4 |       ||     4
  Eat: Chunk             |     2 |     8 ||    10
Armor: Robe              |     5 |       ||     5
       Leather armour    |       |    37 ||    37
Dodge: Dodged            |    15 |    69 ||    84

Table legend:
 A = Non-vault XP
 B = Vault XP
 C = Vault XP percentage of total XP
 D = Non-vault monster count
 E = Vault monster count
 F = Vault count percentage of total count
                 A         B        C        D         E       F
            +---------+---------+-------+---------+---------+-------
      Total |     417 |     266 |  38.9 |      57 |      16 |  21.9
            +---------+---------+-------+---------+---------+-------
        D:1 |      34 |       0 |   0.0 |      18 |       0 |   0.0
        D:2 |      84 |       0 |   0.0 |      22 |       0 |   0.0
        D:3 |      36 |     247 |  87.3 |       8 |      11 |  57.9
        D:4 |     263 |      19 |   6.7 |       9 |       5 |  35.7
            +---------+---------+-------+---------+---------+-------
